Map: Hecate LE

Players

电脑难度(困难)

  • Race: Terran Terran
  • Spawn Location: 7:00

SpLicFly - Winner!

  • Race: Protoss Protoss
  • Spawn Location: 1:00

VOD

Have the link to the VOD?

Description

Time

  • Played on: Feb. 13, 2024, 4:17 a.m.
  • Length: 10:03
Show
View Real Time Build Order
Export as new Build Order

电脑难度(困难) Terran 

Build Orders:  

Get SALT Encoding   

  12  0:00  SCV  
  13  0:13  SCV  
  14  0:17  Supply Depot  
  14  0:25  SCV  
  15  0:39  SCV  
  15  0:42  Barracks  
  16  0:48  Refinery  
  16  0:51  SCV  
  17  1:03  SCV  
  18  1:15  SCV  
  19  1:20  Supply Depot  
  19  1:28  SCV  
  19  1:29  Marine  
  21  1:41  Orbital Command, Barracks  
  21  1:48  Barracks Tech Lab, Refinery  
  21  2:06  Marine  
  21  2:07  Supply Depot  
  22  2:24  Marauder  
  22  2:27  Marine  
  25  2:40  Supply Depot  
  25  2:45  Marauder, Marine  
  28  2:55  SCV  
  29  3:02  Marine  
  30  3:06  Marine, Engineering Bay  
  30  3:07  SCV  
  32  3:19  SCV  
  33  3:20  Marine  
  33  3:24  Marine  
  33  3:26  Supply Depot  
  35  3:31  SCV  
  36  3:38  Marine  
  37  3:42  Marine  
  37  3:43  SCV  
  39  3:55  SCV  
  40  3:56  Marine  
  40  4:00  Marauder  
  43  4:58  Stimpack  
  42  5:01  Barracks Tech Lab  
  42  5:03  Factory  
  42  5:05  Factory  
  42  5:08  Terran Infantry Weapons Level 1  
  42  5:09  Missile Turret  
  42  5:14  Missile Turret  
  42  5:19  Combat Shield  
  42  5:23  SCV  
  42  5:34  Bunker  
  42  5:42  Command Center  
  42  5:45  SCV  
  41  5:50  Factory Tech Lab  
  41  5:51  Factory Tech Lab  
  41  5:53  Starport  
  41  5:56  Starport  
  39  6:09  Cyclone  
  41  6:18  Siege Tank  
  41  6:22  Barracks  
  44  6:29  Starport Tech Lab  
  44  6:31  Supply Depot  
  44  6:33  Starport Tech Lab  
  44  6:35  Marauder  
  44  6:38  Concussive Shells  
  44  6:44  Siege Tank  
  46  6:50  Raven  
  47  6:56  Marine  
  47  7:00  Raven  
  48  7:02  Terran Infantry Armor Level 1  
  48  7:06  Marine  
  48  7:09  SCV  
  48  7:11  SCV, Refinery  
  48  7:15  Marine  
  51  7:17  Missile Turret  
  51  7:18  Missile Turret  
  51  7:21  SCV  
  52  7:23  SCV  
  52  7:28  Refinery  
  53  7:32  Sensor Tower  
  53  7:33  SCV  
  53  7:35  SCV  
  55  7:45  SCV  
  55  7:46  Bunker  
  55  7:47  SCV  
  55  7:48  Barracks Reactor, Armory  
  57  7:58  SCV  
  58  7:59  SCV  
  59  8:10  SCV  
  59  8:11  SCV  
  60  8:22  SCV  
  60  8:23  SCV  
  63  8:34  SCV  
  63  8:35  SCV  
  64  8:46  SCV  
  64  8:47  SCV  
  66  8:58  SCV  
  66  8:59  SCV  
  66  9:02  Marine  
  68  9:05  Medivac  
  68  9:09  Supply Depot  
  47  9:10  Raven, SCV  
  47  9:15  Hellion  
  45  9:20  Hellion  
  34  9:37  Hellion  
  31  9:39  Hellion  
Show
View Real Time Build Order
Export as new Build Order

SpLicFly Protoss - Winner!

Build Orders: 1 Gate Expand, Blink Stalkers, Zealot Archon, Colossus Rush 

Get SALT Encoding   

  12  0:00  Probe  
  13  0:12  Probe  
  14  0:17  Pylon  
  14  0:24  Probe (Chrono Boost)  
  15  0:36  Probe (Chrono Boost)  
  15  0:37  Gateway  
  16  0:44  Probe (Chrono Boost)  
  16  0:45  Assimilator  
  17  0:51  Probe  
  18  1:03  Probe  
  19  1:15  Probe  
  20  1:24  Cybernetics Core  
  20  1:31  Nexus  
  20  1:34  Probe  
  21  1:41  Pylon  
  21  1:46  Probe  
  22  1:52  Assimilator  
  22  1:58  Probe  
  22  1:59  Adept (Chrono Boost)  
  25  2:02  Warp Gate  
  25  2:10  Probe  
  26  2:21  Stalker  
  28  2:23  Probe  
  28  2:28  Twilight Council  
  29  2:35  Probe (Chrono Boost)  
  31  2:44  Probe (Chrono Boost)  
  31  2:47  Probe (Chrono Boost)  
  32  2:51  Stalker  
  32  2:52  Probe (Chrono Boost)  
  32  2:53  Probe (Chrono Boost)  
  36  2:59  Blink (Chrono Boost), Probe  
  36  3:02  Probe  
  38  3:11  Probe  
  39  3:16  Gateway  
  39  3:17  Probe  
  40  3:23  Probe  
  40  3:26  Robotics Facility  
  41  3:29  Probe  
  42  3:35  Pylon, Probe  
  42  3:36  Assimilator  
  42  3:38  Assimilator  
  43  3:41  Probe  
  43  3:46  Pylon  
  43  3:47  Probe  
  45  3:54  Sentry  
  45  3:55  Probe  
  48  3:59  Probe  
  49  4:07  Probe  
  49  4:08  Shield Battery  
  50  4:11  Probe  
  50  4:13  Stalker  
  50  4:14  Observer (Chrono Boost)  
  54  4:17  Stalker  
  54  4:19  Probe  
  57  4:27  Robotics Bay  
  57  4:29  Observer  
  58  4:33  Pylon  
  59  4:41  Pylon  
  59  4:42  Stalker  
  61  4:46  Stalker  
  62  4:55  Nexus  
  62  4:57  Probe  
  62  4:58  Pylon  
  63  5:06  Probe  
  64  5:10  Probe  
  64  5:11  Pylon, Colossus (Chrono Boost)  
  65  5:15  Extended Thermal Lance  
  65  5:20  Charge  
  71  5:28  Gateway x2  
  71  5:30  Shield Battery  
  71  5:31  Probe  
  72  5:49  Colossus (Chrono Boost)  
  76  5:57  Sentry x2  
  76  5:58  Probe x2 (Chrono Boost)  
  82  6:06  Pylon  
  82  6:10  Probe (Chrono Boost)  
  82  6:11  Probe (Chrono Boost)  
  85  6:12  Gateway  
  85  6:13  Probe (Chrono Boost)  
  85  6:14  Gateway  
  85  6:16  Gateway  
  85  6:19  Gateway, Pylon, Probe (Chrono Boost)  
  85  6:20  Probe (Chrono Boost)  
  85  6:21  Probe (Chrono Boost)  
  88  6:28  Probe  
  88  6:30  Probe  
  88  6:32  Probe  
  91  6:36  Colossus (Chrono Boost)  
  91  6:38  Forge  
  97  6:43  Probe  
  97  6:45  Probe  
  97  6:46  Probe  
  100  6:52  Zealot x4  
  108  7:08  Templar Archives  
  108  7:10  Zealot x3  
  108  7:11  Pylon  
  108  7:12  Zealot x3, Pylon  
  108  7:13  Observer  
  120  7:17  Protoss Ground Weapons Level 1 (Chrono Boost), Stalker  
  120  7:18  Stalker  
  124  7:23  Assimilator  
  124  7:25  Assimilator  
  124  7:27  Pylon  
  124  7:28  Pylon  
  124  7:30  Observer (Chrono Boost)  
  125  7:38  Probe  
  125  7:39  Probe x2  
  125  7:42  Stalker x2  
  132  7:48  High Templar x2  
  132  7:50  Zealot x3  
  132  7:51  Zealot  
  144  7:55  Warp Prism  
  144  7:56  Archon  
  146  8:00  Pylon  
  146  8:04  Photon Cannon  
  146  8:06  Photon Cannon  
  146  8:13  High Templar x2, Photon Cannon  
  146  8:18  High Templar x2  
  146  8:19  Archon, Pylon  
  154  8:20  Zealot, Pylon  
  154  8:22  Archon  
  154  8:23  Zealot  
  158  8:30  Pylon  
  158  8:36  High Templar x2  
  158  8:39  Probe  
  163  8:42  Archon  
  163  8:50  Zealot x6  
  163  8:54  Pylon  
  175  8:57  Nexus  
  175  9:02  Pylon  
  163  9:19  Zealot x2  
  163  9:20  Zealot x5  
  177  9:32  Gateway  
  177  9:36  Gateway  
  177  9:38  Photon Cannon  
  177  9:41  Shield Battery  
  177  9:45  High Templar x6  
  185  9:46  Zealot x2  
  185  9:50  Archon x3  
Tags
 
Add a new tag
Caveats
  • Supply blocks, unpowered buildings, or Contaminate may cause inaccurate times.
  • Supply counts are checked every 10 seconds.